 Dungeon Crawl Stone Soup version 0.21.1-1-g345015f (webtiles) character file.

36372 nicolaieve the Tortoise (level 13, -17/125 HPs)
             Began as a Minotaur Berserker on July 31, 2018.
             Was a High Priest of Trog.
             Demolished by a catoblepas (21 damage)
             ... on level 5 of the Lair of Beasts.
             The game lasted 01:01:28 (13172 turns).

nicolaieve the Tortoise (Minotaur Berserker)       Turns: 13172, Time: 01:01:28

Health: -17/125    AC: 21    Str: 23    XL:     13   Next: 52%
Magic:  12/12      EV: 16    Int:  4    God:    Trog [*****.]
Gold:   908        SH:  0    Dex: 14    Spells: 12/12 levels left

rFire    . . .     SeeInvis .   C - +1 whip (freeze)
rCold    . . .     Gourm    .   (no shield)
rNeg     + . .     Faith    .   r - +0 chain mail
rPois    .         Spirit   .   (helmet restricted)
rElec    .         Reflect  .   g - +2 cloak
rCorr    .         Harm     .   A - +1 pair of gloves
MR       +....                  w - +0 pair of boots
Stlth    ..........             d - amulet of regeneration
HPRegen  0.70/turn              t - ring of protection from magic
MPRegen  0.13/turn              y - ring of positive energy

@: berserk cooldown, slowed, very slow
A: retaliatory headbutt, horns 2
a: Berserk, Trog's Hand, Brothers in Arms, Burn Spellbooks, Renounce Religion


You were on level 5 of the Lair of Beasts.
You worshipped Trog.
Trog was extremely pleased with you.
You were not hungry.

You visited 2 branches of the dungeon, and saw 19 of its levels.

You collected 1089 gold pieces.
You spent 181 gold pieces at shops.

Inventory:

Hand Weapons
 C - a +1 whip of freezing (weapon)
Armour
 g - a +2 cloak (worn)
 r - a +0 chain mail (worn)
 w - a +0 pair of boots (worn)
 A - a +1 pair of gloves (worn)
Jewellery
 a - a +3 ring of dexterity
 d - an amulet of regeneration (around neck)
 t - a ring of protection from magic (left hand)
 y - a ring of positive energy (right hand)
 J - a +6 ring of strength
Wands
 v - a wand of enslavement (10)
 B - a wand of scattershot (6)
 E - a wand of disintegration (9)
 G - a wand of paralysis (23)
 K - a wand of polymorph (12)
 L - a wand of acid (12)
Scrolls
 b - 2 scrolls of magic mapping
 e - 14 scrolls of remove curse
 f - 6 scrolls of enchant armour
 h - 6 scrolls of noise {unknown}
 k - 6 scrolls of teleportation
 m - 2 scrolls of fear
 o - 3 scrolls of immolation
 q - 2 scrolls of enchant weapon
 u - a scroll of blinking
 F - a scroll of vulnerability {unknown}
 M - a scroll of silence
 N - 2 scrolls of fog
Potions
 j - 4 potions of might
 l - 8 potions of lignification
 n - 3 potions of agility
 p - 5 potions of curing
 s - 2 potions of ambrosia
 x - 5 potions of heal wounds
 z - 2 potions of resistance
 D - 4 potions of flight
 H - a potion of invisibility
 I - a potion of mutation
Comestibles
 c - 28 rations


   Skills:
 + Level 14.9 Fighting
 - Level 12.0 Maces & Flails
 + Level 15.5 Armour
 * Level 12.7 Dodging
 - Level 0.3 Stealth


You had 12 spell levels left.
You didn't know any spells.

Dungeon Overview and Level Annotations

Branches:
Dungeon (14/15)            Temple (0/1) D:6            Lair (5/6) D:9
 Shoals (0/4) Lair:2        Snake (0/4) Lair:2          Orc (0/2) D:12
  Slime: Lair:5-6    Vaults: D:13-14

Altars:
Ashenzari
Fedhas
Nemelex Xobeh
Vehumet
Wu Jian
Xom
Zin
The Shining One

Shops:
D:4 ?   D:5 !   D:14 :

Annotations:
D:13 exclusion: obsidian statue


Innate Abilities, Weirdness & Mutations

You reflexively headbutt those who attack you in melee.
You have a pair of horns on your head.


Message History

The blast of calcifying dust hits you!
You are engulfed in calcifying dust.
The catoblepas gores you but does no damage.
You are engulfed in calcifying dust.
The catoblepas gores you!!
* * * LOW HITPOINT WARNING * * *
You are engulfed in calcifying dust.
The catoblepas gores you!
* * * LOW HITPOINT WARNING * * *
You are engulfed in calcifying dust.
You are no longer berserk.
Trog's vigour flows through your veins.
You feel yourself slow down.
The catoblepas gores you but does no damage.
You are engulfed in calcifying dust.
The catoblepas breathes a plume of calcifying dust at you.
The blast of calcifying dust hits you!
* * * LOW HITPOINT WARNING * * *
You turn to flesh and can move again.
The catoblepas gores you but does no damage.
There is a stone staircase leading up here.
The catoblepas gores you!!
You die...

.#....⌠....#####
###....(...#...####
#..⌠...⌠......P..#
#................##
#....⌠....#......P##
............#.......#
...#.#..#....#.....>###
..###....#...##§Y....P##
.# ##.##...⌠.+.@......##
# ####...........<...#
#..#..##§........P.#
#.......##.........P#
#####..##.#.........#
########.........#
##......... #.........
###.......


You could see a catoblepas.

Vanquished Creatures
  Snorg (Lair:4)
  Josephine (Lair:4)
  2 hydras
  A catoblepas (Lair:2)
  6 two-headed ogres
  Erica (D:11)
  An ogre mage (D:14)
  The ghost of nicolaieve the Basher, a novice MiBe of Trog (D:8)
  A slime creature (D:12)
  Nergalle (D:12)
  2 unseen horrors
  A lindwurm (Lair:5)
  Pikel (D:9)
  An ugly thing (D:11)
  Psyche (D:8)
  A guardian serpent (Lair:2)
  5 spiny frogs
  2 kobold demonologists (D:12)
  An efreet (D:14)
  A rime drake (Lair:1)
  2 komodo dragons (Lair:1)
  A freezing wraith (D:12)
  A troll (D:10)
  A hornet (D:11)
  5 blink frogs (Lair:1)
  8 hippogriffs
  Sigmund (D:2)
  6 wraiths
  A shadow (D:12)
  A spriggan (D:8)
  22 yaks
  A wyvern (Lair:3)
  A basilisk (Lair:3)
  A hungry ghost (D:7)
  Menkaure (D:4)
  4 wargs (D:12)
  6 water moccasins
  7 porcupines
  An ice beast (D:11)
  4 necrophages
  3 orc warriors
  3 sky beasts
  2 eyes of draining
  2 black bears
  2 phantoms
  4 slaves (D:9)
  9 ogres
  20 wolves
  12 centaurs
  12 crocodiles
  3 big kobolds
  14 bullfrogs
  10 scorpions
  5 killer bees (D:7)
  4 wights (D:9)
  4 howler monkeys
  7 crimson imps
  A bullfrog zombie (D:5)
  5 orc priests
  2 bullfrog skeletons
  3 hounds
  Crazy Yiuf (D:5)
  11 orc wizards
  3 centaur skeletons
  Ijyb (D:2)
  An iguana (D:7)
  7 worker ants
  A killer bee zombie (D:6)
  2 hound zombies (D:6)
  2 hound skeletons
  2 worker ant zombies
  5 gnolls
  7 adders
  A shadow imp (D:8)
  5 worms
  3 dart slugs (D:1)
  3 leopard geckos
  38 orcs
  A ball python (D:1)
  6 bats
  7 giant cockroaches
  8 goblins
  11 hobgoblins
  4 quokkas
  6 frilled lizards
  23 kobolds
  A leopard gecko zombie (D:5)
  A quokka zombie (D:6)
  11 rats
406 creatures vanquished.

Vanquished Creatures (others)
  A howler monkey (D:14)
  An adder (D:2)
2 creatures vanquished.

Grand Total: 408 creatures vanquished

Notes
Turn   | Place    | Note
-------+----------+-------------------------------------------
     0 | D:1      | nicolaieve the Minotaur Berserker began the quest for the Orb.
     0 | D:1      | Reached XP level 1. HP: 19/19 MP: 0/0
   117 | D:1      | Reached XP level 2. HP: 19/27 MP: 1/1
   362 | D:1      | Reached XP level 3. HP: 29/33 MP: 2/2
   637 | D:2      | Reached ** piety under Trog
   683 | D:2      | Noticed Sigmund
   706 | D:2      | Killed Sigmund
   706 | D:2      | Reached XP level 4. HP: 19/41 MP: 3/3
   706 | D:2      | Reached XP level 5. HP: 21/47 MP: 4/4
   892 | D:2      | Found a sparkling altar of Nemelex Xobeh.
   972 | D:2      | Found an ornate altar of the Wu Jian Council.
  1147 | D:2      | Noticed Ijyb
  1156 | D:2      | Killed Ijyb
  1158 | D:2      | Reached XP level 6. HP: 53/53 MP: 5/5
  1540 | D:3      | Noticed a hippogriff
  1561 | D:3      | Killed a hippogriff
  1561 | D:3      | Reached XP level 7. HP: 59/60 MP: 6/6
  1654 | D:3      | Reached *** piety under Trog
  2209 | D:4      | Reached skill level 10 in Maces & Flails
  2581 | D:4      | Noticed Menkaure
  2590 | D:4      | Killed Menkaure
  2701 | D:4      | Found Zaonur's Magic Scroll Emporium.
  2705 | D:4      | Bought a scroll of identify for 22 gold pieces
  2705 | D:4      | Bought a scroll of remove curse for 33 gold pieces
  2705 | D:4      | Bought a scroll of identify for 22 gold pieces
  2705 | D:4      | Bought a scroll of identify for 22 gold pieces
  2705 | D:4      | Bought a scroll of identify for 22 gold pieces
  2705 | D:4      | Bought a scroll of identify for 22 gold pieces
  2705 | D:4      | Bought a scroll of magic mapping for 38 gold pieces
  2714 | D:4      | Reached skill level 8 in Armour
  2714 | D:4      | Reached XP level 8. HP: 68/78 MP: 7/7
  2882 | D:5      | Entered Level 5 of the Dungeon
  2903 | D:5      | Reached XP level 9. HP: 83/83 MP: 8/8
  3055 | D:5      | Reached **** piety under Trog
  3057 | D:5      | Found Qonte's Distillery.
  3726 | D:5      | Found a runed door.
  3788 | D:5      | Noticed Crazy Yiuf
  3795 | D:5      | Killed Crazy Yiuf
  3920 | D:6      | Found a shattered altar of Ashenzari.
  3979 | D:6      | Found a radiant altar of Vehumet.
  4015 | D:6      | Reached skill level 9 in Armour
  4138 | D:6      | Received a gift from Trog
  4236 | D:6      | Found a staircase to the Ecumenical Temple.
  4302 | D:7      | Found a glowing golden altar of the Shining One.
  4737 | D:7      | Found a blossoming altar of Fedhas.
  4740 | D:7      | Reached skill level 10 in Fighting
  4820 | D:7      | Found a glowing silver altar of Zin.
  4883 | D:7      | Reached XP level 10. HP: 93/93 MP: 9/9
  5182 | D:8      | Noticed nicolaieve's ghost (novice MiBe)
  5208 | D:8      | Killed nicolaieve's ghost
  5268 | D:8      | Noticed Psyche
  5274 | D:8      | Killed Psyche
  5532 | D:8      | Reached skill level 10 in Armour
  5573 | D:8      | Reached ***** piety under Trog
  5664 | D:8      | Noticed a two-headed ogre
  5671 | D:8      | Killed a two-headed ogre
  5679 | D:8      | Found a shimmering altar of Xom.
  5885 | D:8      | You fall through a shaft for 3 floors!
  5885 | D:11     | Noticed a two-headed ogre
  5898 | D:11     | Killed a two-headed ogre
  6067 | D:10     | Entered Level 10 of the Dungeon
  6325 | D:9      | Reached XP level 11. HP: 102/102 MP: 10/10
  6715 | D:9      | Noticed Pikel
  6733 | D:9      | Killed Pikel
  6733 | D:9      | Reached skill level 11 in Armour
  6864 | D:9      | Found a staircase to the Lair.
  7230 | D:10     | Noticed a two-headed ogre
  7244 | D:10     | Killed a two-headed ogre
  7560 | D:11     | Noticed a brown ugly thing
  7568 | D:11     | Killed a brown ugly thing
  7568 | D:11     | Reached skill level 10 in Dodging
  7681 | D:11     | Noticed Erica
  7687 | D:11     | Killed Erica
  7687 | D:11     | Reached skill level 12 in Armour
  8129 | D:12     | Found a staircase to the Orcish Mines.
  8211 | D:12     | Noticed Nergalle
  8219 | D:12     | Killed Nergalle
  8235 | D:12     | Reached ****** piety under Trog
  8235 | D:12     | Received a gift from Trog
  8295 | D:12     | You fall through a shaft for 2 floors!
  8295 | D:14     | Noticed a two-headed ogre
  8307 | D:14     | Killed a two-headed ogre
  8307 | D:14     | Reached XP level 12. HP: 113/113 MP: 11/11
  8351 | D:14     | Noticed an ogre mage
  8351 | D:14     | Noticed a two-headed ogre
  8351 | D:14     | Noticed a two-headed ogre
  8360 | D:14     | Reached skill level 13 in Armour
  8367 | D:14     | Killed a two-headed ogre
  8370 | D:14     | Killed an ogre mage
  8373 | D:14     | Killed a two-headed ogre
  8510 | D:14     | Found Ohunwiad's Book Shop.
  8695 | D:12     | Reached skill level 14 in Armour
  9163 | Lair:1   | Entered Level 1 of the Lair of Beasts
  9664 | Lair:1   | Found the +9 heavy crossbow "Sniper" {velocity, Acc+∞ SInv}
  9862 | Lair:1   | Received a gift from Trog
 10450 | Lair:2   | Found a staircase to the Shoals.
 10719 | Lair:2   | Found a staircase to the Snake Pit.
 10778 | Lair:2   | Noticed a catoblepas
 10788 | Lair:2   | Killed a catoblepas
 10788 | Lair:2   | Reached XP level 13. HP: 124/124 MP: 12/12
 12093 | Lair:4   | Reached skill level 15 in Armour
 12463 | Lair:4   | Noticed Josephine
 12479 | Lair:4   | Killed Josephine
 12498 | Lair:4   | Noticed Snorg
 12533 | Lair:4   | Killed Snorg
 12825 | Lair:5   | Received a gift from Trog
 13049 | Lair:5   | HP: 6/125 [something/blast of calcifying dust (5)]
 13166 | Lair:5   | HP: 9/187 [catoblepas (9)]
 13169 | Lair:5   | HP: 1/125 [catoblepas/blast of calcifying dust (4)]
 13172 | Lair:5   | Demolished by a catoblepas

Skill      XL: |  1  2  3  4  5  6  7  8  9 10 11 12 13 |
---------------+----------------------------------------+-----
Fighting       | 4 9 10 11 12 14 | 14.9
Maces & Flails | 4 7 9 11 12 | 12.0
Armour         | 8 9 10 12 14 15 | 15.5
Dodging        | 8 9 10 11 12 | 12.7
Stealth        | |  0.3

Action                   |  1- 3 |  4- 6 |  7- 9 | 10-12 | 13-15 || total
-------------------------+-------+-------+-------+-------+-------++-------
Melee: Mace              |    10 |       |       |       |       ||    10
       Headbutt          |    10 |    17 |    80 |   247 |    98 ||   452
       Whip              |    69 |    91 |   350 |   838 |   289 ||  1637
Invok: Berserk           |     1 |     3 |     5 |    18 |     4 ||    31
       Trog's Hand       |       |       |       |     3 |     1 ||     4
       Burn Spellbooks   |       |       |       |     2 |       ||     2
  Use: Scroll            |       |       |    13 |    12 |     2 ||    27
       Potion            |       |       |     1 |       |       ||     1
 Stab: Sleeping          |     2 |       |       |       |       ||     2
       Petrified         |       |       |       |       |     3 ||     3
  Eat: Chunk             |       |     5 |    15 |    33 |     6 ||    59
       Ration            |       |       |       |     1 |     2 ||     3
Armor: Animal skin       |    27 |       |       |       |       ||    27
       Chain mail        |    15 |    65 |   115 |   302 |   173 ||   670
Dodge: Dodged            |    44 |    35 |   122 |   347 |   167 ||   715
